 Dungeon Crawl Stone Soup version 0.26-a0-1205-g4083c211ab (webtiles) character file.

Game seed: 3825325583339600691

100 CurlyBrace the Sneak (level 4, -8/22 HPs)
             Began as a Felid Delver on Dec 29, 2020.
             Mangled by a wight
             ... wielding a +0 falchion
              (10 damage)
             ... on level 6 of the Dungeon.
             The game lasted 00:03:46 (226 turns).

CurlyBrace the Sneak (Felid Delver)                  Turns: 226, Time: 00:03:47

Health: -8/22      AC:  1    Str:  8    XL:     4   Next: 46%
Magic:  5/5        EV: 19    Int: 12    God:
Gold:   21         SH:  0    Dex: 17    Spells: 3/3 levels left
                                        Lives:  0   Deaths: 1

rFire    . . .     SeeInvis +     - Unarmed
rCold    . . .     Faith    .   (shield unavailable)
rNeg     . . .     Spirit   .   (armour unavailable)
rPois    .         Reflect  .   (helmet unavailable)
rElec    .         Harm     .   (cloak unavailable)
rCorr    .         Rampage  .   (gloves unavailable)
Will     .....                  (boots unavailable)
Stlth    ++++......             (no amulet)
HPRegen  0.07/turn              (no ring)
MPRegen  0.09/turn              (no ring)

@: quick
A: very small, no armour, no weapons or thrown items, stealth, claws 1, fangs 3,
see invisible, speed 1, shaggy fur 1, sharp paws
a: no special abilities


You were on level 6 of the Dungeon.
You visited 1 branch of the dungeon, and saw 3 of its levels.

You collected 21 gold pieces.

Inventory:

Wands
 b - a wand of acid (9)
   (You found it on level 5 of the Dungeon)
 g - a wand of enslavement (2)
   (You found it on level 6 of the Dungeon)
 v - a wand of digging (3)
Scrolls
 a - a scroll of fog
 c - a scroll of fear
 e - a scroll of remove curse {unknown}
 f - 2 scrolls of identify {unknown}
 i - a scroll of noise {unknown}
Potions
 d - a potion of might


   Skills:
 * Level 3.7 Fighting
 + Level 3.6 Dodging
 - Level 7.0 Stealth
 * Level 3.7 Unarmed Combat
 - Level 2.2 Evocations


You had 3 spell levels left.
You didn't know any spells.
Your spell library was empty.

Dungeon Overview and Level Annotations

Branches:
Dungeon (7/15)
 Temple: D:4-7

Altars:
Zin


Innate Abilities, Weirdness & Mutations

You cannot wear armour.
You are incapable of wielding weapons or throwing items.
Your paws allow you to move quietly. (Stealth)
You have sharp claws.
You have razor-sharp teeth.
You have supernaturally acute eyesight. (SInv)
You cover ground quickly.
You are covered in fur. (AC +1)
Your sharp claws are effective at attacking unaware monsters.


Message History

The wight hits you with a +0 falchion!
You scratch the wight but do no damage. You claw the wight, but do no damage.
The wight is almost destroyed.
The wight hits you with a +0 falchion!
You closely miss the wight.
The wight is almost destroyed.
A quokka skeleton comes into view.
The wight hits you with a +0 falchion.
* * * LOW HITPOINT WARNING * * *
Unknown command.
You barely miss the wight.
The wight is almost destroyed.
You scratch the wight but do no damage.
The wight is almost destroyed.
The wight hits you with a +0 falchion.
* * * LOW HITPOINT WARNING * * *
You scratch the wight but do no damage.
The wight is almost destroyed.
The wight hits you with a +0 falchion!
You die...

..............#...........#
###..............†........#
#.........................
#####.###.####...............
.............................
#####.....####(.............
####### #.............
#..z......###
##########..@....Z.#
#........'..........
#.########.........# #.#
#......###.....# #.#
#..........###..
#†###..(........ ..
#.z..............
#####.############ !....


You could see a wight and a quokka skeleton.

Vanquished Creatures
  A bullfrog (D:6)
  A jelly (D:7)
  A centaur skeleton (D:6)
  A white imp (D:6)
  A leopard gecko (D:6)
  3 jackals (D:6)
8 creatures vanquished.

Vanquished Creatures (collateral kills)
  A jelly (D:6)
  A hound zombie (D:6)
2 creatures vanquished.

Grand Total: 10 creatures vanquished

Notes
Turn   | Place    | Note
-------+----------+-------------------------------------------
     0 | D:5      | CurlyBrace the Felid Delver began the quest for the Orb.
     0 | D:5      | Reached XP level 1. HP: 10/10 MP: 2/2
     6 | D:6      | Noticed a bullfrog
     8 | D:6      | Killed a bullfrog
     9 | D:6      | Reached skill level 7 in Stealth
     9 | D:6      | Reached XP level 2. HP: 14/14 MP: 3/3
     9 | D:6      | Reached XP level 3. HP: 17/17 MP: 4/4
    39 | D:6      | Reached XP level 4. HP: 21/21 MP: 5/5
    64 | D:7      | Found a glowing silver altar of Zin.
   184 | D:6      | Slain by a wight
   185 | D:6      | Reached XP level 3. HP: -1/17 MP: 4/4
   200 | D:6      | Reached XP level 4. HP: 20/21 MP: 5/5
   226 | D:6      | Mangled by a wight

Illustrated notes

Levels and vault maps discovered:
D:5:      layout_basic, gammafunk_temple_overflow_elements, lemuel_doored_altar,
          minmay_temple_entry_statues, lightli_corner_chamber
D:6:      layout_basic, uniq_menkaure
D:7:      layout_basic, lemuel_round_altar, uniq_pikel

Skill      XL: |  1 |
---------------+----+-----
Dodging        | 3 |  3.6
Stealth        | 7 |  7.0
Unarmed Combat | 3 |  3.7
Evocations     | 2 |  2.2
Fighting       | |  3.7

Action                   |  1- 3 |  4- 6 || total
-------------------------+-------+-------++-------
Melee: Unarmed           |     8 |    28 ||    36
       Bite              |     2 |     2 ||     4
       Punch             |       |     2 ||     2
Evoke: Wand              |     3 |     2 ||     5
  Use: Potion            |       |     2 ||     2
       Scroll            |       |     1 ||     1
 Stab: Sleeping          |     2 |     3 ||     5
Armor: Skin              |       |     1 ||     1
Dodge: Dodged            |     6 |    18 ||    24

Table legend: (Time is in decaauts)
 A = Elapsed time spent in this place.
 B = Non-inter-level travel time spent in this place.
 C = Inter-level travel time spent in this place.
 D = Time resting spent in this place.
 E = Time spent auto-exploring this place.
 F = Levels seen in this place.
 G = Mean time per level.
                   A        B        C        D        E       F      G
               +--------+--------+--------+--------+--------+-----+--------+
         Total |    190 |    190 |      0 |      0 |      0 |   3 |   63.3 |
       Dungeon |    190 |    190 |      0 |      0 |      0 |   3 |   63.3 |
               +--------+--------+--------+--------+--------+-----+--------+

Top non-repeatable levels by time:
     D:6: 161 daAuts
     D:7: 24 daAuts
     D:5: 5 daAuts
